 Dungeon Crawl Stone Soup version 0.30.1-3-gfc49f6343a (webtiles) character file.

Game seed: 9165224813249204149

307879 TangoThomas the Polluter (level 20, -6/150 (170) HPs)
             Began as a Demonspawn Venom Mage on Aug 3, 2023.
             Was an Elder of Ashenzari.
             Mangled by a +3 lajatang of draining (9 damage)
             ... on level 2 of the Elven Halls on Aug 7, 2023.
             The game lasted 03:01:06 (41750 turns).

TangoThomas the Polluter (Demonspawn Venom Mage)   Turns: 41750, Time: 03:01:07

HP:   -6/150 (170)  AC: 23    Str:  7    XL:     20   Next: 34%
MP:   41/41         EV: 15    Int: 13    God:    Ashenzari [****..]
Gold: 1073          SH: 15    Dex: 21    Spells: 29/53 levels left

rFire   + + +        X - +8 autumn katana {manifold assault, Elem, Alch} (curse)
rCold   + + +        z - +3 kite shield {reflect}
rNeg    . . .        V - +4 ring mail "Xulemmi" {rF++ Will- Regen+ rCorr}
rPois   +            (helmet unavailable)
rElec   +            x - +2 cloak of the Bound Moon {rF+, Self, Melee} (curse)
rCorr   +            l - +2 pair of gloves of the Eye in the Sky {Comp, Self} (curse)
SInv    +            Y - +2 pair of boots of Ashenzari's Prison {Fly, Evo, Alch} (curse)
Will    +....        N - amulet "Omniscient Secrets" {Regen+, Comp, Melee} (curse)
Stlth   ++           e - ring of the Fated the Doldrums {rElec rF+ rC+, Self, Alch} (curse)
HPRegen 5.05/turn    K - ring "Birykk" {Fly rPois rC++ Will+ Int-5}
MPRegen 0.27/turn

%: reflection, clarity
@: flying, studying Ice Magic, heavily drained
A: horns 3, yellow scales 2, foul stench 3, powered by death 3, weak 1
}: 2/15 runes: serpentine, barnacled
a: Renounce Religion, Curse Item, Shatter the Chains


You were on level 2 of the Elven Halls.
You worshipped Ashenzari.
Ashenzari was greatly pleased with you.
You visited 8 branches of the dungeon, and saw 34 of its levels.
You also visited: Gauntlet, Ice Cave and Volcano.

You collected 5281 gold pieces.
You spent 4208 gold pieces at shops.

Inventory:

Hand Weapons
 I - a +2 scimitar of flaming
 U - a +9 demon blade of venom
 X - the cursed +8 autumn katana (weapon) {manifold assault, Elem, Alch}
   (You bought it in a shop on level 3 of the Dungeon)

   It has a curse which improves the following skills: Elements: Fire Magic, Ice
   Magic, Air Magic and Earth Magic.
   Alchemy:   Poison Magic and Transmutations.
Missiles
 a - 3 throwing nets (quivered)
 c - 4 curare-tipped darts
 r - 5 atropa-tipped darts
 y - 10 silver javelins
 G - 17 boomerangs of dispersal
Armour
 l - the cursed +2 pair of gloves of the Eye in the Sky (worn) {Comp, Self}
   (You found it on level 5 of the Lair of Beasts)

   It has a curse which improves the following skills: Companions: Summonings
   and Necromancy.
   Introspection: Fighting and Spellcasting.
 n - +0 ice dragon scales
 x - the cursed +2 cloak of the Bound Moon (worn) {rF+, Self, Melee}
   (You found it in a volcano)

   It has a curse which improves the following skills: Introspection: Fighting
   and Spellcasting.
   Melee Combat: Short Blades, Long Blades, Axes, Maces & Flails, Polearms,
   Staves and Unarmed Combat.
 z - a +3 kite shield of reflection (worn)
 D - a +2 ring mail of fire resistance
 F - a +0 troll leather armour
 L - a scarf of resistance
 O - the +6 ring mail "Vapeintami" {rC+ Str+2 Int+3}
   (You found it on level 1 of the Snake Pit)

   Str:       It affects your strength (+2).
   Int:       It affects your intelligence (+3).
   rC:        It protects you from cold.
 V - the +4 ring mail "Xulemmi" (worn) {rF++ Will- Regen+ rCorr}
   (You bought it in a shop on level 1 of the Elven Halls)

   rF:        It greatly protects you from fire.
   Regen:     It increases your rate of health regeneration.
   rCorr:     It protects you from acid and corrosion.
   Will:      It decreases your willpower.
 Y - the cursed +2 pair of boots of Ashenzari's Prison (worn) {Fly, Evo, Alch}
   (You bought it in a shop on level 1 of the Depths)

   It has a curse which improves the following skills: Evocations: Evocations.
   Alchemy:   Poison Magic and Transmutations.
 Z - a +2 buckler of fire resistance
Jewellery
 e - the cursed ring of the Fated the Doldrums (left hand) {rElec rF+ rC+, Self, Alch}
   (You found it in an ice cave)

   [ring of protection from cold]

   rF:        It protects you from fire.
   rC:        It protects you from cold.
   rElec:     It insulates you from electricity.
   It has a curse which improves the following skills: Introspection: Fighting
   and Spellcasting.
   Alchemy:   Poison Magic and Transmutations.
 p - the amulet of the Four Winds {rN+ Will+++ Clar}
   (You took it off a minotaur in a Gauntlet)

   [amulet of nothing]

   rN:        It protects you from negative energy.
   Clar:      It protects you from confusion, rage, mesmerisation and fear.
   Will:      It greatly increases your willpower.
 K - the ring "Birykk" (right hand) {Fly rPois rC++ Will+ Int-5}
   (You bought it in a shop on level 4 of the Snake Pit)

   [ring of willpower]

   Int:       It affects your intelligence (-5).
   rC:        It greatly protects you from cold.
   rPois:     It protects you from poison.
   Fly:       It grants you flight.
   Will:      It increases your willpower.
 N - the cursed amulet "Omniscient Secrets" (around neck) {Regen+, Comp, Melee}
   (You found it on level 6 of the Dungeon)

   [amulet of regeneration]

   Regen:     It increases your rate of health regeneration.
   It has a curse which improves the following skills: Companions: Summonings
   and Necromancy.
   Melee Combat: Short Blades, Long Blades, Axes, Maces & Flails, Polearms,
   Staves and Unarmed Combat.
Wands
 q - a wand of flame (8)
 t - a wand of charming (5)
 w - a wand of roots (44)
 J - a wand of polymorph (16)
 T - a wand of digging (13)
Scrolls
 d - 19 scrolls of teleportation
 f - 7 scrolls of fog
 g - 6 scrolls of magic mapping
 i - 5 scrolls of immolation
 j - 4 scrolls of poison
 s - 2 scrolls of brand weapon
 v - 2 scrolls of blinking
 A - a scroll of enchant armour
 E - 7 scrolls of amnesia
 Q - 2 scrolls of enchant weapon
 R - 3 scrolls of fear
Potions
 b - 6 potions of magic
 h - a potion of berserk rage
 k - 4 potions of ambrosia
 m - a potion of resistance
 o - 6 potions of mutation
 u - 8 potions of haste
 B - 3 potions of heal wounds
 C - 14 potions of curing
 H - 6 potions of cancellation
 M - a potion of invisibility
 S - 9 potions of brilliance
 W - 3 potions of might
Miscellaneous
 P - a phantom mirror


   Skills:
 + Level 14.5(18.0) Fighting
 - Level 2.0(8.2) Short Blades
 - Level 11.2(14.0) Long Blades
 + Level 7.3 Armour
 + Level 13.7 Dodging
 - Level 1.7 Stealth
 * Level 9.4 Shields
 + Level 13.7(17.2) Spellcasting
 * Level 4.2 Hexes
 - Level 0.8(2.6) Transmutations
 + Level 20.4(23.6) Poison Magic


You had 29 spell levels left.
You knew the following spells:

 Your Spells              Type           Power      Damage    Failure   Level
a - Sting                 Tmut/Pois      100%       1d8       1%          1
b - Poisonous Vapours     Pois/Air       84%        N/A       1%          2
c - Mephitic Cloud        Conj/Pois/Air  31%        N/A       7%          3
d - Olgreb's Toxic Radia  Pois           64%        N/A       1%          4
e - Ignite Poison         Fire/Tmut/Pois 34%        N/A       4%          3
f - Cigotuvi's Dreadful   Necr/Pois/Air  64%        N/A       3%          2
g - Eringya's Noxious Bo  Tmut/Pois      22%        N/A       41%         6
h - Inner Flame           Hex/Fire       17%        N/A       58%         3

Your spell library contained the following spells:

 Spells                   Type           Power      Damage    Failure   Level
 Slow                     Hex            88%        N/A       11%         1
 Confusing Touch          Hex            22%        N/A       32%         3
 Freeze                   Ice            44%        1d6       50%         1
 Kiss of Death            Conj/Necr      44%        2d8       52%         1
 Magic Dart               Conj           44%        1d5       54%         1
 Summon Guardian Golem    Hex/Summ       17%        N/A       58%         3
 Dazzling Flash           Conj/Hex       32%        N/A       61%         3
 Portal Projectile        Hex/Tloc       32%        N/A       61%         3
 Call Imp                 Summ           24%        N/A       63%         2
 Sublimation of Blood     Necr           12%        N/A       63%         2
 Scorch                   Fire           22%        2d6       65%         2
 Cause Fear               Hex            11%        N/A       71%         4
 Call Canine Familiar     Summ           12%        N/A       85%         3
 Vampiric Draining        Necr           12%        2d6       85%         3
 Frozen Ramparts          Ice            22%        1d4       86%         3
 Ozocubu's Armour         Ice            11%        N/A       86%         3
 Hailstorm                Conj/Ice       11%        3d5       87%         3
 Vhi's Electric Charge    Tloc/Air       22%        N/A       87%         3
 Volatile Blastmotes      Fire/Tloc      22%        2d11      87%         3
 Anguish                  Hex/Necr       8%         N/A       94%         4
 Leda's Liquefaction      Hex/Erth       8%         N/A       94%         4
 Fulminant Prism          Conj/Hex       8%         3d7       95%         4
 Ice Form                 Ice/Tmut       14%        N/A       98%         4
 Petrify                  Tmut/Erth      14%        N/A       98%         4
 Dispel Undead            Necr           12%        3d9       99%         4
 Flame Wave               Conj/Fire      11%        2d6       99%         4
 Iskenderun's Mystic Bla  Conj/Tloc      11%        2d4       99%         4
 Summon Ice Beast         Ice/Summ       11%        N/A       99%         4
 Summon Lightning Spire   Summ/Air       11%        N/A       99%         4
 Yara's Violent Unravell  Hex/Tmut       10%        3d6       99%         5
 Arcjolt                  Conj/Air       5%         1d15      100%        5
 Freezing Cloud           Conj/Ice/Air   5%         6-21      100%        5
 Irradiate                Conj/Tmut      7%         3d14      100%        5
 Lee's Rapid Deconstruct  Erth           5%         3d6*      100%        5
 Metabolic Englaciation   Hex/Ice        8%         N/A       100%        5
 Summon Forest            Summ/Tloc      5%         N/A       100%        5
 Summon Mana Viper        Hex/Summ       17%        N/A       100%        5
 Conjure Ball Lightning   Conj/Air       5%         3x3d6     100%        6
 Simulacrum               Ice/Necr       5%         N/A       100%        6
 Starburst                Conj/Fire      5%         6d4       100%        6
 Summon Cactus Giant      Summ           6%         N/A       100%        6
 Dragon Form              Tmut           9%         N/A       100%        7
 Enfeeble                 Hex            11%        N/A       100%        7
 Malign Gateway           Summ/Tloc      5%         N/A       100%        7
 Orb of Destruction       Conj           5%         9d5       100%        7
 Spellforged Servitor     Conj/Summ      5%         N/A       100%        7
 Storm Form               Tmut/Air       7%         N/A       100%        7
 Summon Hydra             Summ           6%         N/A       100%        7
 Discord                  Hex            11%        N/A       100%        8
 Disjunction              Tloc           5%         N/A       100%        8
 Maxwell's Capacitive Co  Air            5%         ∞         100%        8
 Dragon's Call            Summ           6%         N/A       100%        9


Dungeon Overview and Level Annotations

Branches:
Dungeon (15/15)            Temple (1/1) D:7            Lair (5/5) D:9
 Shoals (4/4) Lair:2        Snake (4/4) Lair:3        Slime (0/5) Lair:5
    Orc (2/2) D:12            Elf (2/3) Orc:2        Vaults (0/5) D:13
 Depths (1/4) D:15          IceCv (visited)         Volcano (visited)
Gauntlet (visited)

Altars:
Ashenzari
Cheibriados
Dithmenos
Fedhas
Gozag
Hepliaklqana
Kikubaaqudgha
Makhleb
Nemelex Xobeh
Okawaru
Qazlal
Ru
Sif Muna
Trog
Uskayaw
Vehumet
Wu Jian
Xom
Yredelemnul
Jiyva

Shops:
D:3 (   D:4 (   Orc:2 [?:(?   Elf:1 :[   Snake:2 ((   Snake:4 :[=
Depths:1 [=:=

Portals:
Hell: Depths:1
Abyss: Depths:1

Annotations:
D:6 2 runed translucent doors, zen1337's ghost, novice DsCj
D:8 1 runed translucent door, tykejmi's ghost, novice DrEE
D:12 exclusions: ice statue and obsidian statue
Lair:1 exclusion: 2 oklob plants
Snake:1 6 transporters


Innate Abilities, Weirdness & Mutations

You have a pair of large horns on your head.
You are mostly covered in yellow scales. (AC +3)
You frequently emit foul miasma when damaged in melee.
You regenerate a lot of health from kills.
You are weak. (Str -2)


Message History

Your headbutt misses the deep elf zephyrmancer.
The +3 lajatang of draining hits you!!
You feel drained. The +2 heavy trident barely misses you.
A deep elf knight comes into view.
A deep elf knight comes into view. It is wielding a +1 heavy scimitar.
You block the deep elf zephyrmancer's attack.
You slash the deep elf zephyrmancer!
The deep elf zephyrmancer is moderately wounded.
A +1 heavy long sword comes into view.
You block the +3 lajatang of draining's attack.
You block the deep elf knight's attack.
The deep elf knight shoots an arrow.
The arrow hits the deep elf knight!
The +2 heavy trident hits you but does no damage.
The +0 glaive of freezing hits you but does no damage.
You slash the deep elf zephyrmancer!
You slice through the folds of space itself!
You miss the +4 flail of protection. You miss the +1 heavy long sword.
You hit the +4 heavy halberd but do no damage.
You completely miss the deep elf zephyrmancer.
You headbutt the deep elf zephyrmancer, but do no damage.
The deep elf zephyrmancer is severely wounded.
The deep elf knight gestures at you while chanting.
The shard of ice hits you! You partially resist.
You block the deep elf knight's attack. The +3 lajatang of draining hits you!!
* * * LOW HITPOINT WARNING * * *
You feel drained.
* * * LOW HITPOINT WARNING * * *
You emit a cloud of foul miasma!
The deep elf zephyrmancer misses you.
A deep elf pyromancer comes into view. It is wielding a +0 rapier of venom.
The deep elf knight wields a +0 longbow.
The deep elf knight shoots an arrow.
The arrow completely misses you.
The deep elf knight mumbles some strange words.
The deep elf knight seems to speed up.
The deep elf knight shoots an arrow.
The arrow barely misses the deep elf knight.
The arrow hits you.
* * * LOW HITPOINT WARNING * * *
The +3 lajatang of draining hits you!!
* * * LOW HITPOINT WARNING * * *
You feel drained.
You die...

..#............# *
...., ,,, ,
..#..........⌠.#
*#...., ,
..##...........#
#..... ,,,
..###..........#
#......, , * , ..#
##.........#
......e,,,* ..#
##..⌠.....##..(....
..#
##.......'.......e ,
### #######''........
, * ###.e@....... ,,,
** ##...e(e......, ^
*,,,,,
##....e((...... ,, ,
*,,
#..............,,, ,,
, ,.......)........ ,
, , * , ,,,
..........((....,, *,
,,,.............e..
,,, ,, **,
,,.............e..,,,
, * ,
,................ , ,


You could see 5 deep elf knights, a deep elf pyromancer (wandering), 2 deep elf
zephyrmancers and 6 dancing weapons.

Vanquished Creatures
  Sojobo (Depths:1)
  Vashnia (Snake:2)
  Nikola (Snake:4)
  Jorgrun (D:13)
  Frances (Shoals:1)
  Kirke (D:15)
  3 tengu reavers (Depths:1)
  An azure jelly (IceCv)
  Ilsuiw (Shoals:4)
  6 nagarajas
  A fire giant (Depths:1)
  Louise (D:14)
  A deep elf elementalist (Elf:2)
  Aizul (Snake:1)
  2 quicksilver oozes (IceCv)
  A minotaur (Gauntlet)
  2 ettins
  Josephine (Orc:1)
  3 fire dragons
  6 merfolk javelineers (Shoals:4)
  8 merfolk impalers
  Fannar (D:11)
  Erolcha (D:12)
  A rakshasa (Depths:1)
  3 salamander tyrants
  A spriggan air mage (Depths:1)
  A catoblepas (Shoals:4)
  3 hydras
  6 anacondas
  2 alligator snapping turtles
  8 centaur warriors
  5 boulder beetles
  3 merfolk avatars
  2 merfolk aquamancers
  18 dancing weapons
  19 naga warriors
  2 satyrs
  4 two-headed ogres
  3 tengu warriors
  7 orc high priests
  A spriggan berserker (Depths:1)
  10 shock serpents
  Nergalle (D:10)
  13 deep elf knights
  5 hell knights
  Urug (D:13)
  Sonja (D:12)
  29 naga sharpshooters
  Amaemon (D:8)
  3 salamander mystics
  7 skysharks
  Lodul (D:14)
  11 skeletal warriors
  A swamp dragon (Lair:5)
  10 sea snakes
  6 deep elf archers
  A glowing orange brain (Depths:1)
  13 naga ritualists
  A phantasmal warrior (D:15)
  A shadow dragon zombie (D:15)
  Pikel (D:4)
  4 orc knights
  25 deep elf zephyrmancers
  18 harpies
  A tengu skeleton (D:15)
  20 deep elf pyromancers
  A wolf spider (D:15)
  3 lindwurms
  3 necromancers
  16 mana vipers
  A wolf spider (shapeshifter) (D:13)
  6 cyclopes
  3 orc sorcerers
  A fire giant zombie (D:15)
  12 fauns
  10 manticores
  16 ugly things
  9 salamanders (Snake:2)
  A shining eye (shapeshifter) (Elf:2)
  A toenail golem (Volcano)
  9 merfolk sirens
  35 black mambas
  2 guardian serpents (Snake:2)
  Maurice (Orc:2)
  10 water nymphs
  4 molten gargoyles (Volcano)
  An ice statue (IceCv)
  13 naga magi
  A torpor snail (Lair:1)
  An orange demon (D:8)
  10 cane toads
  An unseen horror (D:10)
  A rime drake (Lair:2)
  Maggie (D:7)
  3 kobold demonologists
  A yaktaur (shapeshifter) (D:14)
  Psyche (D:8)
  7 komodo dragons
  A spriggan skeleton (D:15)
  2 tengu conjurers
  2 efreet (Volcano)
  24 merfolk
  10 trolls
  2 wind drakes
  11 polar bears
  5 raiju
  18 blink frogs
  A blink frog (shapeshifter) (Elf:2)
  Prince Ribbit (D:9)
  7 dream sheep
  6 slime creatures
  10 snapping turtles
  An air elemental (Elf:2)
  Sigmund (D:5)
  9 wraiths
  20 water elementals
  39 yaks
  2 shadows
  A vampire (D:9)
  3 wyverns
  3 fire elementals
  4 basilisks
  2 steam dragons
  7 wargs
  52 nagas
  6 acid dragons
  9 vampire mosquitoes
  11 water moccasins
  13 hell hounds (Lair:5)
  3 sky beasts
  A black bear (shapeshifter) (D:13)
  3 great orb of eyes simulacra (IceCv)
  2 swamp drakes (Lair:5)
  An ice beast (D:5)
  14 black bears
  30 orc warriors
  11 ogres
  8 centaurs
  16 wolves
  3 lemures
  A phantom (D:5)
  3 kobold brigands
  4 slime creature simulacra (IceCv)
  6 bullfrogs
  5 gnoll sergeants
  5 earth elementals
  3 scorpions
  8 glowing shapeshifter simulacra (IceCv)
  5 wights (D:7)
  17 killer bees
  6 howler monkeys
  An electric eel (Snake:3)
  A gnoll bouda (D:4)
  3 hounds
  37 orc priests
  5 jellies
  5 iguanas
  Ijyb (D:3)
  33 orc wizards
  2 shapeshifter simulacra (IceCv)
  Robin (D:3)
  32 gnolls
  8 adders
  A white imp (D:5)
  2 ufetubi (D:7)
  2 worms
  4 dart slugs
  72 orcs
  14 ball pythons
  5 bats
  9 endoplasms
  A giant cockroach (D:2)
  11 goblins
  11 hobgoblins
  8 jackals
  A quokka (D:3)
  6 frilled lizards
  8 kobolds
  6 rats
  4 fire vortices (Volcano)
1237 creatures vanquished.

Vanquished Creatures (others)
  A merfolk aquamancer (Shoals:4)
  3 deep elf knights
  A deep elf pyromancer (Elf:1)
  A naga mage (Snake:2)
  A black mamba (Snake:4)
  A vampire mosquito (D:11)
  2 fire vortices (Volcano)
10 creatures vanquished.

Grand Total: 1247 creatures vanquished

Notes
Turn   | Place    | Note
-------+----------+-------------------------------------------
     0 | D:1      | TangoThomas the Demonspawn Venom Mage began the quest for
                  | the Orb.
     0 | D:1      | Reached XP level 1. HP: 13/13 MP: 3/3
   314 | D:1      | Gained mutation: You may rarely emit foul miasma when
                  | damaged in melee. [demonic ancestry]
   314 | D:1      | Reached XP level 2. HP: 11/20 MP: 3/5
   355 | D:1      | Learned a level 2 spell: Poisonous Vapours
  1046 | D:2      | Reached skill level 1 in Short Blades
  1046 | D:2      | Gained mutation: You sometimes emit foul miasma when
                  | damaged in melee. [demonic ancestry]
  1046 | D:2      | Reached XP level 3. HP: 6/25 MP: 1/6
  1272 | D:2      | Reached skill level 1 in Fighting
  1453 | D:2      | Gained mutation: You have a pair of small horns on your
                  | head. [demonic ancestry]
  1453 | D:2      | Reached XP level 4. HP: 20/32 MP: 0/7
  1954 | D:2      | Reached skill level 4 in Poison Magic
  2619 | D:3      | Reached XP level 5. HP: 37/37 MP: 5/8
  2722 | D:3      | Found Muregoc's Antique Weapon Boutique.
  2753 | D:3      | Found a faded altar of an unknown god.
  2753 | D:3      | Noticed Robin
  2753 | D:3      | Noticed Ijyb
  2861 | D:3      | Killed Robin
  3000 | D:3      | Killed Ijyb
  3367 | D:4      | Found Laaskid's Weapon Shop.
  3477 | D:4      | Noticed a lemure
  3490 | D:4      | Killed a lemure
  3554 | D:4      | Noticed a lemure
  3554 | D:4      | Noticed a lemure
  3565 | D:4      | Noticed Pikel
  3568 | D:4      | Noticed a lemure
  3581 | D:3      | Killed a lemure
  3595 | D:3      | Killed a lemure
  3657 | D:4      | Killed Pikel
  3658 | D:4      | Reached skill level 5 in Poison Magic
  3658 | D:4      | Reached XP level 6. HP: 22/46 MP: 2/11
  3658 | D:4      | Reached XP level 7. HP: 24/51 MP: 2/12
  3998 | D:4      | Found an ornate altar of the Wu Jian Council.
  4003 | D:4      | Learned a level 3 spell: Mephitic Cloud
  4008 | D:4      | Learned a level 4 spell: Olgreb's Toxic Radiance
  4783 | D:5      | Entered Level 5 of the Dungeon
  4790 | D:4      | Reached skill level 6 in Poison Magic
  5114 | D:5      | Reached XP level 8. HP: 41/58 MP: 13/13
  5816 | D:5      | Noticed Sigmund
  5851 | D:5      | Killed Sigmund
  5940 | D:5      | Reached skill level 7 in Poison Magic
  6551 | D:6      | Noticed a kobold demonologist
  6559 | D:6      | Killed a kobold demonologist
  6560 | D:6      | Reached XP level 9. HP: 64/66 MP: 14/16
  6571 | D:6      | Noticed a kobold demonologist
  6579 | D:6      | Killed a kobold demonologist
  6699 | D:6      | Reached skill level 5 in Spellcasting
  7085 | D:6      | Reached skill level 5 in Dodging
  7085 | D:6      | Reached skill level 8 in Poison Magic
  7197 | D:6      | Reached skill level 5 in Fighting
  7369 | D:6      | Found a runed translucent door.
  7635 | D:6      | Noticed zen1337's ghost (novice DsCj)
  7666 | D:6      | Found a runed translucent door.
  8143 | D:7      | Found a staircase to the Ecumenical Temple.
  8172 | Temple   | Entered the Ecumenical Temple
  8369 | Temple   | Became a worshipper of Ashenzari the Shackled
  8489 | D:7      | Noticed Maggie
  8503 | D:7      | Killed Maggie
  8900 | D:7      | Gained mutation: You have a pair of horns on your head.
                  | [demonic ancestry]
  8900 | D:7      | Reached XP level 10. HP: 75/75 MP: 18/18
  8931 | D:7      | Reached skill level 9 in Poison Magic
  9034 | D:7      | Reached skill level 5 in Long Blades
  9278 | D:8      | Found a runed translucent door.
  9281 | D:8      | Noticed an orange demon
  9310 | D:8      | Killed an orange demon
  9426 | D:8      | Noticed Psyche
  9446 | D:8      | Killed Psyche
  9472 | D:8      | Identified the cursed ring "Share My Augurer" {AC+4, Fort,
                  | Comp} (You found it on level 2 of the Dungeon)
  9913 | D:8      | Noticed tykejmi's ghost (novice DrEE)
  9940 | D:8      | Reached * piety under Ashenzari
  9940 | D:8      | Identified a scroll of acquirement
  9941 | D:8      | Acquired the ring "Duuceun" {rPois rN+ Will+ Int-2 Dex+8}
  9950 | D:8      | Noticed Amaemon
 10002 | D:8      | Killed Amaemon
 10003 | D:8      | Reached skill level 10 in Poison Magic
 10256 | D:8      | Found an ancient bone altar of Kikubaaqudgha.
 10256 | D:8      | Found a sacrificial altar of Ru.
 10256 | D:8      | Found a radiant altar of Vehumet.
 10368 | D:8      | Found a burning altar of Makhleb.
 10661 | D:9      | Found a staircase to the Lair.
 11008 | D:9      | Gained mutation: You are partially covered in yellow
                  | scales. (AC +2) [demonic ancestry]
 11008 | D:9      | Reached XP level 11. HP: 77/83 MP: 20/20
 11513 | D:9      | Noticed Prince Ribbit
 11537 | D:9      | Killed Prince Ribbit
 11666 | D:10     | Entered Level 10 of the Dungeon
 11725 | D:10     | Noticed a seven-headed hydra
 11761 | D:10     | Killed a seven-headed hydra
 11816 | D:10     | Reached ** piety under Ashenzari
 11841 | D:10     | Reached skill level 11 in Poison Magic
 12255 | D:11     | Noticed Nergalle
 12268 | D:10     | Killed Nergalle
 12583 | D:11     | Noticed a deep elf pyromancer
 12815 | D:11     | Noticed Fannar
 12835 | D:11     | Killed Fannar
 13023 | D:11     | Noticed a two-headed ogre
 13033 | D:11     | Killed a two-headed ogre
 13203 | D:11     | Killed a deep elf pyromancer
 13205 | D:11     | Noticed a centaur warrior
 13219 | D:11     | Killed a centaur warrior
 13220 | D:11     | Gained mutation: You regenerate a little health from kills.
                  | [demonic ancestry]
 13220 | D:11     | Reached XP level 12. HP: 81/92 MP: 23/23
 13261 | D:11     | Noticed a centaur warrior
 13272 | D:11     | Killed a centaur warrior
 13273 | D:11     | Reached skill level 12 in Poison Magic
 13441 | Lair:1   | Entered Level 1 of the Lair of Beasts
 13471 | Lair:1   | Noticed a boulder beetle
 13489 | Lair:1   | Killed a boulder beetle
 13792 | Lair:1   | Reached *** piety under Ashenzari
 14296 | Lair:1   | Found a blossoming altar of Fedhas.
 14932 | Lair:2   | Reached **** piety under Ashenzari
 15235 | Lair:2   | Reached skill level 13 in Poison Magic
 15440 | Lair:2   | Found a staircase to the Shoals.
 15613 | Lair:3   | Identified the +8 dagger of Dim Light {flame, rF- Str-5
                  | Dex+7 SInv}
 15614 | Lair:3   | Found a dark tunnel.
 15629 | Volcano  | Entered a volcano
 15951 | Volcano  | Gained mutation: You are mostly covered in yellow scales.
                  | (AC +3) [demonic ancestry]
 15951 | Volcano  | Reached XP level 13. HP: 86/105 MP: 27/27
 16731 | Lair:3   | Found a staircase to the Snake Pit.
 18118 | Lair:5   | Entered Level 5 of the Lair of Beasts
 18214 | Lair:5   | Found a viscous altar of Jiyva.
 18215 | Lair:5   | Found a staircase to the Slime Pits.
 18220 | Lair:5   | Found a gate leading to a gauntlet.
 18229 | Gauntlet | Entered a Gauntlet
 18229 | Gauntlet | Found a transporter.
 18229 | Gauntlet | Found a transporter.
 18237 | Gauntlet | Found a transporter.
 18241 | Gauntlet | Found a transporter.
 18245 | Gauntlet | Found a runed translucent door.
 18245 | Gauntlet | Identified the +4 scale mail of Vehumet's Condemnation {rN+
                  | Regen+}
 18247 | Gauntlet | Found a runed translucent door.
 18249 | Gauntlet | Found a transporter.
 18253 | Gauntlet | Found a transporter.
 18259 | Gauntlet | Found a runed translucent gate.
 18261 | Gauntlet | Found a transporter.
 18262 | Gauntlet | Found a runed translucent gate.
 18263 | Gauntlet | Found a runed translucent gate.
 18277 | Gauntlet | Found a transporter.
 18278 | Gauntlet | Identified the ring "Salod" {rCorr Dex-2 SInv Stlth+}
 18291 | Gauntlet | Found a transporter.
 18295 | Gauntlet | Found a transporter.
 18295 | Gauntlet | Identified the Compendium of the Intoxicating Entourage
 18303 | Gauntlet | Found a transporter.
 18307 | Gauntlet | Found a transporter.
 18468 | Gauntlet | Learned a level 3 spell: Ignite Poison
 18521 | Gauntlet | Identified the +4 battleaxe "Rioboek" {spect, Contam rCorr
                  | Dex+7 Stlth+}
 18521 | Gauntlet | Noticed a minotaur
 18527 | Gauntlet | Killed a minotaur
 18528 | Gauntlet | Reached skill level 14 in Poison Magic
 19233 | Lair:5   | Learned a level 2 spell: Cigotuvi's Dreadful Rot
 19264 | Lair:5   | Reached skill level 10 in Fighting
 19490 | Lair:5   | Gained mutation: You regenerate health from kills. [demonic
                  | ancestry]
 19490 | Lair:5   | Reached XP level 14. HP: 116/116 MP: 24/30
 20654 | D:12     | Noticed Sonja
 20660 | D:12     | Killed Sonja
 20770 | D:12     | Noticed Erolcha
 20775 | D:12     | Killed Erolcha
 21061 | D:12     | Found a staircase to the Orcish Mines.
 21307 | D:12     | Reached skill level 15 in Poison Magic
 21544 | Orc:1    | Entered Level 1 of the Orcish Mines
 21704 | Orc:1    | Noticed Josephine
 22082 | Orc:1    | Killed Josephine
 22083 | Orc:1    | Reached skill level 10 in Spellcasting
 22349 | D:3      | Bought the +8 autumn katana {manifold assault} for 1464
                  | gold pieces
 22349 | D:3      | Found the +8 autumn katana {manifold assault}
 22552 | Orc:2    | Entered Level 2 of the Orcish Mines
 22574 | Orc:2    | Found Dierphush's Magic Scroll Emporium.
 22668 | Orc:2    | Found a staircase to the Elven Halls.
 22691 | Orc:2    | Bought a scroll of teleportation for 33 gold pieces
 22691 | Orc:2    | Bought a scroll of immolation for 44 gold pieces
 22741 | Orc:2    | Reached skill level 10 in Dodging
 23062 | Orc:2    | Found Joergh's Weapon Emporium.
 23062 | Orc:2    | Found Byleimue's Magic Scroll Shoppe.
 23063 | Orc:2    | Found Exasilio's Armour Shoppe.
 23075 | Orc:2    | Found Nalouck's Book Emporium.
 23172 | Orc:2    | Bought a scroll of blinking for 112 gold pieces
 23172 | Orc:2    | Bought a scroll of fear for 60 gold pieces
 23172 | Orc:2    | Bought a scroll of fear for 60 gold pieces
 23245 | Orc:2    | Noticed Maurice
 23265 | Orc:2    | Killed Maurice
 23932 | Orc:2    | Bought a scroll of teleportation for 45 gold pieces
 23932 | Orc:2    | Bought a scroll of magic mapping for 112 gold pieces
 24162 | D:13     | Found a frozen archway.
 24178 | IceCv    | Entered an ice cave
 24317 | IceCv    | Noticed a quicksilver ooze
 24324 | IceCv    | Killed a quicksilver ooze
 24342 | IceCv    | Found a viscous altar of Jiyva.
 24342 | IceCv    | Noticed an azure jelly
 24345 | IceCv    | Noticed a quicksilver ooze
 24360 | IceCv    | Killed an azure jelly
 24361 | IceCv    | Reached skill level 10 in Long Blades
 24369 | IceCv    | Killed a quicksilver ooze
 24455 | IceCv    | Identified the ring of Pupiovuh {rElec rF+ rC+}
 24455 | IceCv    | Identified the amulet "Xiuhaun" {Faith Rampage *Slow rPois
                  | Str+5}
 24725 | D:13     | Noticed Urug
 24730 | D:13     | Killed Urug
 24801 | D:13     | a glowing shapeshifter changed into a quicksilver ooze
 24801 | D:13     | Noticed a quicksilver ooze (glowing shapeshifter)
 24807 | D:13     | Reached skill level 16 in Poison Magic
 24807 | D:13     | Reached XP level 15. HP: 65/109 MP: 13/30
 24972 | D:13     | Found a gate to the Vaults.
 24983 | D:13     | Acquired a Fen Folio
 24992 | D:13     | Learned a level 6 spell: Eringya's Noxious Bog
 25158 | D:13     | Noticed Jorgrun
 25168 | D:13     | Killed Jorgrun
 25891 | D:14     | Noticed Lodul
 25903 | D:14     | Killed Lodul
 26705 | D:14     | Noticed Louise
 26716 | D:14     | Killed Louise
 27012 | D:15     | Entered Level 15 of the Dungeon
 27129 | D:15     | Found a staircase to the Depths.
 27201 | D:15     | Noticed Kirke
 27209 | D:15     | Killed Kirke
 28125 | Depths:1 | Entered Level 1 of the Depths
 28138 | Depths:1 | Reached skill level 17 in Poison Magic
 28399 | Depths:1 | Found Ber Gynt's Antique Armour Boutique.
 28403 | Depths:1 | Bought a polished ring mail for 234 gold pieces
 28403 | Depths:1 | Identified the +2 ring mail "Goudd" {Regen+} (You bought it
                  | in a shop on level 1 of the Depths)
 28403 | Depths:1 | Bought a pair of glowing boots for 195 gold pieces
 28513 | Depths:1 | Noticed a tengu reaver
 28519 | Depths:1 | Killed a tengu reaver
 28764 | Depths:1 | Found a one-way gate to the infinite horrors of the Abyss.
 28888 | Depths:1 | Found a gateway to Hell.
 28917 | Depths:1 | Identified the ring of Pyim {rC+ rN+ Dex+3}
 28971 | Depths:1 | Noticed a fire giant
 28983 | Depths:1 | Gained mutation: You frequently emit foul miasma when
                  | damaged in melee. [demonic ancestry]
 28983 | Depths:1 | Reached XP level 16. HP: 127/136 MP: 28/34
 29021 | Depths:1 | Reached skill level 1 in Shields
 29183 | Depths:1 | Identified the staff of conjuration "Mapu Rem" {Stlth+}
 29224 | Depths:1 | Noticed Sojobo
 29224 | Depths:1 | Noticed a tengu reaver
 29225 | Depths:1 | Noticed a tengu reaver
 29238 | Depths:1 | Killed a tengu reaver
 29260 | Depths:1 | Killed Sojobo
 29262 | Depths:1 | Killed a tengu reaver
 29473 | Depths:1 | Identified the +2 glaive of Doubt {drain, rElec rPois
                  | Will+}
 29623 | Depths:1 | Found Teblulazo's Book Shoppe.
 29624 | Depths:1 | Found Zickinun's Jewellery Shop.
 29624 | Depths:1 | Found Gaozygoe's Jewellery Shop.
 29860 | Shoals:1 | Entered Level 1 of the Shoals
 29889 | Shoals:1 | Acquired 390 gold pieces
 30164 | Shoals:1 | Noticed Frances
 30173 | Shoals:1 | Killed Frances
 31682 | Shoals:2 | Found a hazy altar of Hepliaklqana.
 31764 | Shoals:2 | Identified the +0 broad axe of Duty {spect, rPois rCorr}
 32173 | Shoals:3 | Reached skill level 18 in Poison Magic
 32461 | Shoals:3 | Acquired 1110 gold pieces
 33075 | Shoals:4 | Entered Level 4 of the Shoals
 33172 | Shoals:4 | Identified the +5 quarterstaff of Zun Piqoag {freeze,
                  | Contam rElec rN++ Str+2}
 33269 | Shoals:4 | Noticed Ilsuiw
 33283 | Shoals:4 | Killed Ilsuiw
 33435 | Shoals:4 | Gained mutation: You have a pair of large horns on your
                  | head. [demonic ancestry]
 33435 | Shoals:4 | Reached XP level 17. HP: 137/145 MP: 23/36
 34893 | Shoals:4 | Got a barnacled rune of Zot
 35111 | Shoals:4 | Reached ***** piety under Ashenzari
 35279 | Snake:1  | Entered Level 1 of the Snake Pit
 35286 | Snake:1  | Identified the +6 ring mail "Vapeintami" {rC+ Str+2 Int+3}
 35294 | Snake:1  | Reached skill level 19 in Poison Magic
 35397 | Snake:1  | Noticed Aizul
 35435 | Snake:1  | Killed Aizul
 35520 | Snake:1  | Found a transporter.
 35550 | Snake:1  | Found a transporter.
 35554 | Snake:1  | Found a transporter.
 35561 | Snake:1  | Reached XP level 18. HP: 155/155 MP: 38/38
 35656 | Snake:1  | Reached skill level 5 in Shields
 35735 | Snake:1  | Found a transporter.
 35808 | Snake:1  | Found a transporter.
 35827 | Snake:1  | Found a transporter.
 35901 | Snake:2  | Noticed Vashnia
 36042 | Snake:2  | Found Him Yzeh's Weapon Boutique.
 36090 | Snake:2  | Reached skill level 5 in Armour
 36653 | Snake:2  | Reached XP level 19. HP: 122/159 MP: 31/40
 36826 | Snake:2  | Killed Vashnia
 36856 | Snake:2  | Found Teazaal's Weapon Boutique.
 38167 | Snake:4  | Entered Level 4 of the Snake Pit
 38204 | Snake:4  | Found Upaahi's Jewellery Emporium.
 38207 | Snake:4  | Found Futaysk's Antique Armour Shoppe.
 38209 | Snake:4  | Found Pudyrriatu's Book Emporium.
 38214 | Snake:4  | Noticed Nikola
 38226 | Snake:4  | Killed Nikola
 38825 | Snake:4  | Reached skill level 20 in Poison Magic
 39355 | Snake:4  | Got a serpentine rune of Zot
 39838 | Snake:4  | Bought the ring "Birykk" {Fly rPois rC++ Will+ Int-5} for
                  | 951 gold pieces
 40073 | Elf:1    | Entered Level 1 of the Elven Halls
 40198 | Elf:1    | Found Naostogo's Book Boutique.
 40205 | Elf:1    | Learned a level 3 spell: Inner Flame
 40334 | Elf:1    | Reached skill level 1 in Hexes
 40475 | Elf:1    | Gained mutation: You regenerate a lot of health from kills.
                  | [demonic ancestry]
 40475 | Elf:1    | Reached XP level 20. HP: 166/169 MP: 41/41
 40684 | Elf:1    | Found Sosyod Umapt's General Store.
 40743 | Elf:1    | Found Uklemeops's Armour Shop.
 40749 | Elf:1    | Bought the +4 ring mail "Xulemmi" {rF++ Will- Regen+ rCorr}
                  | for 898 gold pieces
 41135 | Elf:2    | Found a shimmering blue altar of Sif Muna.
 41576 | Elf:2    | Found a runed translucent gate.
 41577 | Elf:2    | Found a runed translucent gate.
 41577 | Elf:2    | Found a runed translucent gate.
 41615 | Elf:2    | Paralysed by an air elemental for 1 turns
 41665 | Elf:2    | Gained mutation: You are weak. (Str -2) [a shining eye]
 41750 | Elf:2    | HP: 3/158 [+3 lajatang of draining (31)]
 41750 | Elf:2    | Mangled by a +3 lajatang of draining

Illustrated notes

Levels and vault maps discovered:
D:1:      giann_wishing_wells, layout_loops_ring
D:2:      wander_river, layout_rooms, minmay_pentomino_pile
D:3:      minmay_evil_eye, layout_rooms, shapermc_ecumenical_altar_gd,
          serial_shops, shop, nicolae_goblin_pals
D:4:      layout_basic, nzn_wu_jian_council_hall, serial_shops, shop,
          uniq_pikel, uniq_ijyb
D:5:      layout_loops_cross, nicolae_grassy_gnolls, uniq_sigmund
D:6:      layout_layer_cave, ebering_ghost_sewer_f
D:7:      minmay_chambers_of_sixes, layout_loops_ring,
          minmay_temple_entry_overgrown, minmay_misc_feat_roman, uniq_maggie
D:8:      layout_cave_pods, bloody_makhleb, gammafunk_temple_overflow_claw,
          hellmonk_ghost_happy_afterlife, uniq_psyche, uniq_amaemon
D:9:      layout_basic, lair_entry_dummy, chequers_decorated_corner,
          hex_intersection, kennysheep_generic_room_6, uniq_prince_ribbit1
D:10:     layout_big_octagon, serial_glass, glass_columns_b, glass_columns_a,
          eino_curves_02
D:11:     layout_rooms, small_statue_alley_a, wad_mini_maze, uniq_nergalle,
          uniq_fannar
D:12:     layout_cave_pools, minmay_orc_entry_temple_small, david_greed,
          uniq_sonja, uniq_erolcha
D:13:     layout_rooms, david_vaults_4, portal_ice_cave_entry_pillars_1,
          lemuel_flamethrower_hall, uniq_jorgrun, uniq_urug
D:14:     layout_basic, nicolae_water_bricks, uniq_louise, uniq_lodul
D:15:     gammafunk_depths_entry_grave, layout_stronghold, uniq_kirke
Temple:   minmay_crystal_spiral_temple
Lair:1:   layout_long_grid, hangedman_tree_tricks, minivault_23, minmay_holes,
          grunt_megastairs_3, lemuel_fruit_fields
Lair:2:   layout_roguey, minmay_shoals_entry_hut
Lair:3:   layout_regular_city, dummy_snake_entry, enter_volcano_1,
          serial_bayou_shore_b
Lair:4:   layout_cave_pods, infiniplex_staircase_pool
Lair:5:   guppyfry_lair_end_dragon, layout_small_grid,
          hangedman_lair_caniforms_friends, slime_entry_1,
          gauntlet_entry_generic, grunt_megastairs_2
Shoals:1: layout_shoals, uniq_frances
Shoals:2: layout_shoals, lemuel_centaur_altar
Shoals:3: layout_shoals
Shoals:4: shoals_end_simple, layout_shoals, shoals_ilsuiw_ice,
          argonaut_gorgonesque
Snake:1:  layout_rooms, grunt_ministairs_10, drop_trap, serial_nicolae_subway,
          nicolae_sub_station_metal, nicolae_sub_station_stone,
          nicolae_sub_station_crystal, uniq_aizul
Snake:2:  nicolae_snakescales, layout_layer_cave, serial_shops, shop,
          nicolae_take_the_stairs, nicolae_snake_boneroom, uniq_vashnia
Snake:3:  layout_rooms, serial_bayou_shore_a
Snake:4:  snake_pit, layout_cave_town, minmay_shop_star, uniq_nikola
Orc:1:    layout_caves, uniq_josephine
Orc:2:    st_orc_mages, layout_diamond_mine, serial_shops, shop,
          nicolae_orc_tapped_out, uniq_maurice
Elf:1:    eino_elf_arrival_sip, layout_loops_corners, serial_shops,
          nicolae_shop_tiny_real_fake_doors, nicolae_shop_tiny_waterfront, shop,
          hangedman_elven_crosses_minicolossus
Elf:2:    nicolae_elf_blades_crystal_corner, layout_onion_city, basic_altar
Depths:1: layout_gridlike, marbit_kobold_abyss_entry, serial_shops,
          nicolae_shop_stone, pf_coc_iceberg, nrook_pool_corridor,
          grunt_ministairs_6, serial_bayou_lagoon_b, minmay_shop_grove,
          uniq_sojobo

Skill      XL: |  1  2  3  4  5  6  7  8  9 10 11 12 13 14 15 16 17 18 19 20 |
---------------+-------------------------------------------------------------+-----
Dodging        | 2 3 4 5 6 7 8 9 10 11 12 13 | 13.7
Short Blades   | 1 2 |  2.0
Fighting       | 1 2 3 4 5 6 8 9 10 11 12 13 14 | 14.5
Poison Magic   | 4 5 6 7 8 10 11 13 14 16 17 18 19 20 | 20.4
Long Blades    | 2 3 4 5 7 8 9 10 11 | 11.2
Spellcasting   | 3 4 5 6 7 8 9 10 11 12 13 | 13.7
Shields        | 4 6 8 9 |  9.4
Armour         | 4 5 6 7 |  7.3
Hexes          | 2 4 |  4.2
Stealth        | |  1.7
Transmutations | |  0.8

Action                     |  1- 3 |  4- 6 |  7- 9 | 10-12 | 13-15 | 16-18 | 19-21 || total
---------------------------+-------+-------+-------+-------+-------+-------+-------++-------
  Melee: Short sword       |    65 |    70 |       |       |       |       |       ||   135
         Unarmed           |    16 |       |       |       |       |       |       ||    16
         Punch             |     1 |     1 |     4 |    13 |    28 |     1 |       ||    48
         Headbutt          |       |    24 |    61 |   183 |   413 |   202 |   207 ||  1090
         Spear             |       |    74 |   294 |   714 |   887 |       |       ||  1969
         Katana            |       |       |       |       |   538 |   838 |  1019 ||  2395
  Throw: Throwing net      |       |       |       |     1 |     2 |       |       ||     3
         Dart              |       |       |       |       |     4 |       |       ||     4
         Javelin           |       |       |       |       |     1 |       |       ||     1
   Cast: Sting             |    17 |    15 |     2 |     4 |     3 |       |       ||    41
         Poisonous Vapours |    15 |    34 |    12 |    26 |    57 |   133 |     6 ||   283
         Olgreb's Toxic Ra |       |       |     5 |    46 |    82 |    57 |       ||   190
         Mephitic Cloud    |       |       |     1 |       |       |       |       ||     1
         Ignite Poison     |       |       |       |       |    43 |    41 |     2 ||    86
         Cigotuvi's Dreadf |       |       |       |       |     6 |     2 |       ||     8
         Eringya's Noxious |       |       |       |       |     5 |       |       ||     5
 Invoke: Curse Item        |       |       |       |     7 |     4 |     1 |       ||    12
         Shatter the Chain |       |       |       |     1 |     4 |       |     1 ||     6
  Evoke: Wand              |       |       |       |    35 |    32 |       |       ||    67
         Phantom mirror    |       |       |       |       |     2 |       |       ||     2
    Use: Potion            |     1 |       |       |    13 |     4 |     1 |       ||    19
         Scroll            |       |     6 |     2 |     6 |    15 |     3 |       ||    32
   Stab: Sleeping          |     2 |     6 |     9 |    10 |    17 |     4 |     4 ||    52
         Distracted        |       |     2 |     2 |     3 |     3 |     5 |       ||    15
         Invisible         |       |       |       |     5 |       |       |       ||     5
         Held in net/web   |       |       |       |     1 |       |       |       ||     1
         Petrifying        |       |       |       |       |       |     1 |       ||     1
 Armour: Robe              |    11 |    24 |    43 |       |       |       |       ||    78
         Steam dragon scal |       |       |     1 |   187 |   397 |       |       ||   585
         Ring mail         |       |       |       |       |     1 |   174 |   168 ||   343
  Dodge: Dodged            |    57 |    89 |   182 |   613 |  1803 |   431 |   379 ||  3554
  Block: Buckler           |       |       |       |       |       |   139 |       ||   139
         Kite shield       |       |       |       |       |       |   242 |   555 ||   797
         Reflection        |       |       |       |       |       |    25 |   103 ||   128
